[Event "Live Chess"]
[Site "Chess.com"]
[Date "2023.05.20"]
[Round "-"]
[White "Tema1107"]
[Black "mattihelenius2"]
[Result "1-0"]
[WhiteElo "1965"]
[BlackElo "443"]
[TimeControl "300"]
[EndTime "10:32:59 PDT"]
[Termination "Tema1107 won by checkmate"]

1. d4 d6 2. c4 Nc6 3. Nc3 Bf5 4. g3 Qd7 5. Bg2 Nf6 6. Nf3 Ne4 7. Nxe4 Bxe4 8. O-O e5 9. d5 Nd4 10. Nxd4 exd4 11.
Bxe4 O-O-O 12. Qxd4 Qh3 13. Qxa7 Kd7 14. Qxb7 Rc8 15.
Qc6+ Kd8 16. a4 f5 17. Bg2 Qg4 18. a5 Qxe2 19. Bg5+ Be7 20. Rfe1 Qe5 21. Rxe5 dxe5 22. Bxe7+ Kxe7 23. Qe6+ Kd8 24. a6 Re8 25. Qc6 Ke7 26.
a7 Red8 27. a8=Q Rxa8 28. Rxa8 Rd7 29. d6+ cxd6 30. Bd5 Kf6 31. Qxd7 Kg5 32. Qxg7+ Kh5 33. Bf3# 1-0

[Event "Live Chess"]
[Site "Chess.com"]
[Date "2023.05.20"]
[Round "-"]
[White "JackCheetham1"]
[Black "MaximKris"]
[Result "0-1"]
[WhiteElo "1694"]
[BlackElo "1857"]
[TimeControl "300"]
[EndTime "10:33:07 PDT"]
[Termination "MaximKris won by checkmate"]

1. e4 e5 2. Nf3 Nc6 3. Bc4 Bc5 4. c3 Nf6 5. d3 h6 6. O-O d6 7. h3 Be6 8. Bb3 Bxb3 9. Qxb3 Na5 10. Qb5+ c6 11. Qa4 b5 12. Qc2 Bb6 13. d4 exd4 14.
cxd4 Qc7 15. Re1 O-O-O 16. a4 Nb7 17. Bf4 g5 18. Bh2 g4 19. hxg4 Nxg4 20. Bg3 Rhg8 21. e5 dxe5 22. dxe5 Qd7 23. axb5 Nxf2 24. bxc6 Qg4 25.
cxb7+ Kxb7 26. Nc3 Nh3+ 27. Kh1 Qxg3 28. Qe4+ Kb8 29.
Re2 Rg4 30. Qc6 Nf2+ 31. Rxf2 Rh4+ 32. Nxh4 Qxh4+ 33. Kg1 Qxf2+ 34. Kh1 Qh4# 0-1

[Event "Live Chess"]
[Site "Chess.com"]
[Date "2023.05.20"]
[Round "-"]
[White "SavagePawn7"]
[Black "Greenbecker"]
[Result "0-1"]
[WhiteElo "753"]
[BlackElo "1647"]
[TimeControl "300"]
[EndTime "10:33:17 PDT"]
[Termination "Greenbecker won by resignation"]

1. e4 e6 2. Bc4 d5 3. Nf3 dxc4 4. d3 cxd3 5. Qxd3 Qxd3 6. cxd3 Bb4+ 7. Nc3 Nf6 8. Bf4 c6 9. Rd1 O-O 10. a3 Bxc3+ 11.
bxc3 Na6 12. Bd6 Re8 13. Ng5 h6 14. O-O hxg5 15. Be5 0-1

[Event "Live Chess"]
[Site "Chess.com"]
[Date "2023.05.20"]
[Round "-"]
[White "ickabod1100"]
[Black "wot-not"]
[Result "0-1"]
[WhiteElo "932"]
[BlackElo "1461"]
[TimeControl "300"]
[EndTime "10:33:34 PDT"]
[Termination "wot-not won by checkmate"]

1. e4 e5 2. Nf3 d6 3. d4 f5 4. dxe5 fxe4 5. Bg5 Be7 6. Bxe7 Qxe7 7. exd6 cxd6 8. Bb5+ Nc6 9. Nd4 Bd7 10. Nc3 Nf6 11.
O-O O-O 12. Re1 d5 13. Nxc6 bxc6 14. Be2 Qf7 15. Rf1 Rab8 16. b3 h6 17. Na4 Qg6 18. Bh5 Qxh5 19. Qxh5 Nxh5 20. Nc5 Bg4 21. c4 dxc4 22.
bxc4 Rb2 23. Nxe4 Be2 24. Rfe1 Bxc4 25. Nd6 Bd5 26. h3 Rfxf2 27. Re8+ Kh7 28. Rae1 Rxg2+ 29. Kf1 Ng3# 0-1

[Event "Live Chess"]
[Site "Chess.com"]
[Date "2023.05.20"]
[Round "-"]
[White "JanMur7"]
[Black "domrobson"]
[Result "0-1"]
[WhiteElo "1960"]
[BlackElo "1742"]
[TimeControl "300"]
[EndTime "10:33:37 PDT"]
[Termination "domrobson won by checkmate"]

1. e4 e5 2. Nf3 Nc6 3. Nc3 Nf6 4. Nxe5 Nxe5 5. d4 Ng6 6. e5 Ng8 7. Bc4 d6 8. Qf3 Be6 9. Qxb7 Bxc4 10. Qc6+ Ke7 11.
Qxc4 Qd7 12. O-O dxe5 13. Nd5+ Kd8 14. Bg5+ f6 15. Be3 Bd6 16. dxe5 Nxe5 17. Qe4 Rc8 18. c4 Ne7 19. c5 Nxd5 20. Qxd5 Be7 21. Qe4 Ke8 22.
Rad1 Qc6 23. Qxc6+ Nxc6 24. Rfe1 Rd8 25. Bf4 Rd7 26. Rxd7 Kxd7 27. Rd1+ Kc8 28. a3 a5 29.
h4 Rd8 30. Rc1 Rd5 31. b4 axb4 32. axb4 Nxb4 33. c6 Rc5 34. Re1 Nxc6 35. h5 Rxh5 36. Rc1 Rc5 37. Re1 Bd6 38. Be3 Re5 39. Rc1 Ne7 40. Bf4 Re6 41. Be3 g5 42. Ra1 Kd7 43. Ra8 h5 44. Rh8 h4 45. Kf1 Be5 46. Ra8 Nf5 47. Bc5 Rc6 48. Bb4 Nd4 49. Ra1 Rc4 50.
Ba5 Nc6 51. Rd1+ Ke6 52. Be1 Nd4 53. Rb1 c5 54. Rb6+ Kf5 55. f3 Rc1 56. Kf2 c4 57.
Ba5 Nb3 58. Bb4 Bd4+ 59. Ke2 Bxb6 60. Be1 Rxe1+ 61. Kxe1 Ba5+ 62. Kd1 Bc3 63. Kc2 Be5 64. Kd1 Kf4 65. Ke1 Kg3 66. Kf1 c3 67. Ke2 c2 68. Kd3 c1=Q 69. Ke4 Kxg2 70. Kd5 Qe3 71. Ke6 Kxf3 72. Kd7 Qf4 73. Ke7 Qd4 74. Kf7 Bf4 75. Ke6 f5 76. Ke7 g4 77. Kf7 Qe5 78.
Kg6 Nc5 79. Kh7 Qf6 80. Kg8 Qe7 81. Kh8 Ke4 82. Kg8 Ke5 83. Kh8 Kf6 84. Kg8 Qg7# 0-1

[Event "Live Chess"]
[Site "Chess.com"]
[Date "2023.05.20"]
[Round "-"]
[White "friarnator"]
[Black "hturner40"]
[Result "1-0"]
[WhiteElo "1963"]
[BlackElo "1821"]
[TimeControl "300"]
[EndTime "10:33:42 PDT"]
[Termination "friarnator won by resignation"]

1. e4 Nc6 2. Nf3 e5 3. d4 exd4 4. Bc4 Nf6 5. e5 Ne4 6. c3 d5 7. Bb5 dxc3 8. Nxc3 Nxc3 9. bxc3 Bc5 10. Bg5 f6 11.
exf6 gxf6 12. Bh6 Qe7+ 13. Kd2 Be6 14. Re1 O-O-O 15. Bxc6 bxc6 16. Qa4 d4 17. c4 Kd7 18. Re4 Bb4+ 19. Kd1 Bc3 20. Rb1 Qc5 21. Bd2 Bf5 22.
Bxc3 Bxe4 23. Bb4 Qh5 24. Rb3 d3 25. Kd2 Rhg8 26. Nd4 Rxg2 27. Rxd3 Rxf2+ 28. Ke3 Qh3+ 29. Kxe4 Re8+ 30. Ne6+ Kxe6 31. Rxh3 Kf7+ 32. Kd3 1-0

[Event "Live Chess"]
[Site "Chess.com"]
[Date "2023.05.20"]
[Round "-"]
[White "LL220284LL"]
[Black "Chesscoach_Golichenko"]
[Result "0-1"]
[WhiteElo "2406"]
[BlackElo "2651"]
[TimeControl "300"]
[EndTime "10:33:44 PDT"]
[Termination "Chesscoach_Golichenko won by resignation"]

1. g3 d5 2. Bg2 g6 3. c4 c6 4. Nf3 Bg7 5. O-O Nf6 6. e3 O-O 7.
b3 dxc4 8. bxc4 Be6 9. Qc2 Bf5 10. Qb3 Bd3 11. Re1 Na6 12. Ne5 Nc5 13. Qa3 Nfd7 14.
Bb2 Nxe5 15. Qxc5 Nf3+ 16. Bxf3 Bxb2 17. Nc3 Bxa1 18. Rxa1 Qd6 19. Qg5 Bxc4 20. d4 Qf6 21. Qxf6 exf6 22. Ne4 Kg7 23. Nd6 Ba6 24. Rb1 Rab8 25.
a4 Rfd8 26. Ne4 Bd3 27. Rb4 Bxe4 28. Bxe4 f5 29. Bf3 Rdc8 30. h4 b6 31. Kg2 c5 32.
dxc5 bxc5 33. Rc4 Rb4 0-1

[Event "Live Chess"]
[Site "Chess.com"]
[Date "2023.05.20"]
[Round "-"]
[White "PLZ909"]
[Black "JoshMcK"]
[Result "0-1"]
[WhiteElo "1405"]
[BlackElo "1538"]
[TimeControl "300"]
[EndTime "10:33:50 PDT"]
[Termination "JoshMcK won by resignation"]

1. d4 d5 2. Bf4 Nf6 3. e3 e6 4.
Nf3 Bd6 5. Bg3 O-O 6. Bd3 c5 7. Bxh7+ Nxh7 8. h4 Bxg3 9. fxg3 cxd4 10. Qxd4 Nc6 11.
Qd1 e5 12. Ng5 Nxg5 13. hxg5 Qxg5 14. Ke2 Bg4+ 0-1

[Event "Live Chess"]
[Site "Chess.com"]
[Date "2023.05.20"]
[Round "-"]
[White "Ayush_prahlad_Gupta"]
[Black "flyingpuffins"]
[Result "0-1"]
[WhiteElo "1796"]
[BlackElo "1965"]
[TimeControl "300"]
[EndTime "10:33:52 PDT"]
[Termination "flyingpuffins won on time"]

1. e4 d5 2. Nc3 dxe4 3. Nxe4 Bf5 4. Nc3 Nf6 5. d3 Nc6 6. Nf3 e6 7. Bd2 Bc5 8. h3 O-O 9. g4 Bg6 10. Qe2 Nd4 11. Nxd4 Qxd4 12. Bg2 c6 13. O-O-O Bb4 14. Be3 Qd6 15. Ne4 Nxe4 16. dxe4 Qc7 17. h4 h6 18. g5 h5 19. f4 Qa5 20. Kb1 Rfd8 21.
Bf3 Rxd1+ 22. Rxd1 Rd8 23. Rh1 Bd2 24. c3 Bxe3 25.
Qxe3 Qa4 26. b3 Qa6 27. Qc5 Qd3+ 28. Kb2 Qxf3 29. Rc1 Qxe4 30. Qxa7 Rd2+ 31. Ka3 Qe2 32. Qxb7 Rxa2+ 33. Kb4 Qe4+ 34. c4 Qxf4 35. Qb8+ Kh7 36. Qxf4 Bf5 37. Qd4 Ra8 38. Qd7 Rb8+ 39. Kc3 c5 40.
Qxf7 Bg4 41. g6+ Kh6 42. Re1 Rh8 43. Ra1 Bf5 44. Ra7 Rh7 45. Qxg7+ Rxg7 46. Rxg7 Kxg7 47. Kd2 Kh6 48. Ke3 Kg7 49. Kf4 Kg8 0-1

[Event "Live Chess"]
[Site "Chess.com"]
[Date "2023.05.20"]
[Round "-"]
[White "Dark_Night123"]
[Black "Albul"]
[Result "1-0"]
[WhiteElo "1582"]
[BlackElo "2166"]
[TimeControl "300"]
[EndTime "10:33:53 PDT"]
[Termination "Dark_Night123 won by resignation"]

1. e4 d5 2. exd5 Nf6 3. Nc3 Nxd5 4. Nxd5 Qxd5 5. Nf3 Bg4 6. Be2 Nc6 7. h3 Bh5 8. O-O O-O-O 9. d3 e5 10. Be3 e4 11. dxe4 Qxe4 12. Qc1 Bd6 13. Rd1 Rhe8 14. Bd3 Qe7 15. Nd4 Nxd4 16. Bxd4 Bxd1 17. Qxd1 Bc5 18. Bxg7 Rg8 19. Bc3 Qh4 20. Qf3 Rg3 21. Qf5+ Rd7 22. Qxc5 Qxh3 23. Be4 f5 24. fxg3 1-0

[Event "Live Chess"]
[Site "Chess.com"]
[Date "2023.05.20"]
[Round "-"]
[White "CheckThis4"]
[Black "Hussamalhaidar"]
[Result "1-0"]
[WhiteElo "2546"]
[BlackElo "984"]
[TimeControl "300"]
[EndTime "10:34:02 PDT"]
[Termination "CheckThis4 won on time"]

1. d4 e5 2. dxe5 d6 3. Nf3 Nc6 4. Nc3 Bg4 5. Bg5 f6 6. exf6 gxf6 7. Bh4 Bg7 8. e3 Qd7 9. h3 Bh5 10. Bb5 a6 11. Ba4 O-O-O 12. g4 Bf7 13. Nd4 Re8 14.
Qd3 Nge7 15. O-O-O Bg6 16. Qc4 Bf7 17. Qxf7 Rhg8 18.
Nxc6 bxc6 19. Ne4 Ref8 20. Qc4 d5 21. Qxa6+ Kd8 22. Nc5 Qc8 23. Nb7+ Ke8 24. Bxc6+ Nxc6 25. Qxc6+ Qd7 26. Qxd5 Qxd5 27. Rxd5 Kf7 28. Rd7+ Kg6 29. f4 h6 30. f5+ Kh7 31. Rhd1 Rb8 32. Rxc7 Rgf8 33.
Rdd7 Rxb7 34. Rxb7 Kh8 35. Rxg7 h5 36. Rh7+ 1-0

[Event "Live Chess"]
[Site "Chess.com"]
[Date "2023.05.20"]
[Round "-"]
[White "kenn48"]
[Black "JohanKjeldahl"]
[Result "0-1"]
[WhiteElo "1310"]
[BlackElo "1753"]
[TimeControl "300"]
[EndTime "10:34:03 PDT"]
[Termination "JohanKjeldahl won by resignation"]

1. g4 d5 2. Bg2 Bxg4 3. Nc3 c6 4. h3 Bh5 5. Nf3 Nf6 6. d4 Nbd7 7. Bg5 e6 8. Na4 Bd6 9. Qd3 Qa5+ 10. Nc3 h6 11.
Bd2 Bg6 12. Qe3 Qb6 13. O-O O-O 14. Nh4 Bxc2 15. Qf3 Be4 16. Nxe4 Nxe4 17. Bxh6 gxh6 18. Qg4+ Kh7 19. Bxe4+ dxe4 20. Qxe4+ Kh8 21. Ng6+ fxg6 22. Qxg6 Qxd4 23. Qxe6 Rg8+ 24. Kh1 Qd5+ 25. Qxd5 cxd5 26. Rad1 Nf6 27. f3 Rae8 28. e4 Rg3 29. f4 Rxe4 30.
Kh2 Ree3 0-1

[Event "Live Chess"]
[Site "Chess.com"]
[Date "2023.05.20"]
[Round "-"]
[White "Davidagye"]
[Black "Pandreq"]
[Result "1-0"]
[WhiteElo "1658"]
[BlackElo "1270"]
[TimeControl "300"]
[EndTime "10:34:04 PDT"]
[Termination "Davidagye won on time"]

1. e4 Nf6 2. e5 Nd5 3. c4 Nb6 4. d4 d6 5. f4 Nc6 6. d5 Nb8 7. Bd3 c5 8. Qe2 g6 9. e6 fxe6 10. dxe6 Nc6 11. Nf3 Bg7 12. f5 gxf5 13. Ng5 Ne5 14.
O-O O-O 15. Qh5 h6 16. Bxf5 Qe8 17. Nf7 Nxf7 18. Bg6 Bxe6 19. Nc3 Nxc4 20. Rf3 Nce5 21. Rg3 Nxg6 22. Qxg6 Ng5 23. Rxg5 hxg5 24. Qxe6+ Rf7 25. Bxg5 Bf6 26. Qg4 Bxg5 27. Qxg5+ Rg7 28. Qd5+ Kh8 29. Rf1 b6 30. Rf3 Qg8 31. Rh3+ Rh7 32. Rxh7+ Qxh7 33. Qxa8+ Kg7 34. Qe4 Qxe4 35. Nxe4 Kf7 36. Kf2 Ke6 37.
Ke3 Ke5 38. h4 d5 39. Ng5 d4+ 40. Kd3 Kf5 41. b4 e5 42. bxc5 bxc5 43. Nf3 e4+ 44.
Ke2 exf3+ 45. Kxf3 c4 46. g4+ Kf6 47. Ke4 1-0

[Event "Live Chess"]
[Site "Chess.com"]
[Date "2023.05.20"]
[Round "-"]
[White "misha464"]
[Black "AttackingSnowLeopard"]
[Result "0-1"]
[WhiteElo "761"]
[BlackElo "2065"]
[TimeControl "300"]
[EndTime "10:34:06 PDT"]
[Termination "AttackingSnowLeopard won by checkmate"]

1. e4 e5 2. Nf3 Nc6 3. Nc3 Nf6 4. d3 Bb4 5. Bd2 d6 6. a3 Bxc3 7. Bxc3 O-O 8. Be2 Re8 9. b3 d5 10. exd5 Nxd5 11. Qd2 Nxc3 12. Qxc3 Nd4 13. Nxd4 exd4 14.
Qd2 Bg4 15. f3 Bf5 16. O-O-O Re3 17. Rhe1 Qd6 18. g4 Qxa3+ 19. Kb1 Be6 20. Rc1 a5 21. c4 dxc3 22. Rxc3 a4 23. Qxe3 axb3 24. Rxb3 Qxb3+ 25. Kc1 Ra1+ 26. Kd2 Qb2# 0-1

[Event "Live Chess"]
[Site "Chess.com"]
[Date "2023.05.20"]
[Round "-"]
[White "atunnacl"]
[Black "yeetpizza74"]
[Result "1-0"]
[WhiteElo "1443"]
[BlackElo "448"]
[TimeControl "300"]
[EndTime "10:34:08 PDT"]
[Termination "atunnacl won by checkmate"]

1. e4 c6 2. d4 d5 3. exd5 cxd5 4. Nf3 Nf6 5. Ne5 Bg4 6. Bb5+ Nc6 7. f3 Bf5 8. g4 Bg6 9. h4 e6 10. h5 Bb4+ 11. c3 Bd6 12. Nd2 Bxe5 13. hxg6 fxg6 14. dxe5 Nd7 15. Qa4 Qc8 16. Nb3 O-O 17. Ke2 Ndxe5 18. Rh3 a6 19. Bxc6 bxc6 20. Nd4 c5 21. Nc2 Rd8 22. Bf4 Nc6 23. Rah1 d4 24. cxd4 cxd4 25. Kd3 e5 26. Bg5 Re8 27. Qc4+ Re6 28. Rxh7 Kf7 29. Rh8 Qb7 30. Rxa8 Qxa8 31. f4 Na5 32. Qc7+ Ke8 33. Rh8# 1-0

[Event "Live Chess"]
[Site "Chess.com"]
[Date "2023.05.20"]
[Round "-"]
[White "MaximKris"]
[Black "BogdanBeleiUkraine"]
[Result "1-0"]
[WhiteElo "1858"]
[BlackElo "1238"]
[TimeControl "300"]
[EndTime "10:34:12 PDT"]
[Termination "MaximKris won by resignation"]

1. e4 e5 2. Nf3 Nc6 3. Nc3 Bc5 4. Bc4 a6 5. O-O h6 6. d3 Na5 7. Be3 Bxe3 8. fxe3 Nxc4 9. dxc4 Ne7 10. Nxe5 f6 11.
Qh5+ g6 12. Nxg6 Nxg6 13. Qxg6+ Kf8 14. Rxf6+ Qxf6 15. Qxf6+ 1-0

[Event "Live Chess"]
[Site "Chess.com"]
[Date "2023.05.20"]
[Round "-"]
[White "Duke_of_Bebington"]
[Black "Nazarenko_vital"]
[Result "1/2-1/2"]
[WhiteElo "1583"]
[BlackElo "1603"]
[TimeControl "300"]
[EndTime "10:34:14 PDT"]
[Termination "Game drawn - insufficient material"]

1. e4 d5 2. exd5 Qxd5 3. d4 Qa5+ 4. Bd2 Qb6 5. Bc3 Nf6 6. Bd3 c6 7. Nf3 Bg4 8. h3 Bh5 9. O-O e6 10. Nbd2 Nbd7 11. Re1 Be7 12. Qc1 Bg6 13. Bxg6 hxg6 14. Ng5 Qc7 15. Nde4 Ng4 16. hxg4 Qh2+ 17. Kf1 Qh1+ 18.
Ke2 Qxg2 19. Qf4 Nf6 20. Rg1 Qh2 21. Qxh2 Rxh2 22. Nxf6+ gxf6 23. Ne4 O-O-O 24. Rh1 Rdh8 25. Rxh2 Rxh2 26. Bd2 Kd7 27. Bf4 Rh4 28. f3 f5 29. Nf2 Ke8 30. Rh1 Rxh1 31. Nxh1 a6 32. Ng3 fxg4 33. fxg4 f5 34. gxf5 exf5 35. Kf3 Kd7 36.
b3 Ke6 37. Ne2 g5 38. Be5 b5 39. Ng3 c5 40. c3 cxd4 41. cxd4 Bf6 42. Bxf6 Kxf6 43.
Ne2 Ke6 44. Nc3 b4 45. Na4 Kd5 46. Nc5 a5 47. Ke3 Kd6 48. Nd3 Kc6 49. Ne5+ Kd5 50.
Nf7 f4+ 51. Kf3 Kxd4 52. Nxg5 Kc3 53. Kxf4 Kb2 54. Ne4 Kxa2 55. Nc5 Ka3 56. Ke4 a4 57. bxa4 b3 58. Nxb3 Kxa4 1/2-1/2

[Event "Live Chess"]
[Site "Chess.com"]
[Date "2023.05.20"]
[Round "-"]
[White "Prijmak"]
[Black "EdenHazard8"]
[Result "0-1"]
[WhiteElo "996"]
[BlackElo "2125"]
[TimeControl "300"]
[EndTime "10:34:20 PDT"]
[Termination "EdenHazard8 won by resignation"]

1. e4 e5 2. f4 exf4 3. Nf3 g5 4.
Bc4 g4 5. Bxf7+ Kxf7 6. Ne5+ Ke8 7. Qxg4 Nf6 8. Qxf4 d6 9. Nc4 Be6 10. d3 Rg8 11. O-O Be7 12. Nc3 Nc6 13. Be3 Qd7 14.
Rf2 Ng4 15. Re2 Nxe3 16. Qxe3 Kd8 17. b3 Bf6 18. Qd2 Nd4 19. Ree1 Qg7 20. Rad1 Nf3+ 0-1

[Event "Live Chess"]
[Site "Chess.com"]
[Date "2023.05.20"]
[Round "-"]
[White "john_chandler"]
[Black "Leonid_Starozhilov"]
[Result "0-1"]
[WhiteElo "804"]
[BlackElo "2658"]
[TimeControl "300"]
[EndTime "10:34:22 PDT"]
[Termination "Leonid_Starozhilov won by checkmate"]

1. c4 e5 2. Nc3 Nc6 3. e4 Bc5 4. Nf3 d6 5. g3 f5 6. d3 Nf6 7.
Nd5 fxe4 8. Bg5 exf3 9. Qxf3 O-O 10. a3 Nd4 11. Qd1 c6 12. b4 cxd5 13. bxc5 Qa5+ 14. Bd2 Qxc5 15. Bb4 Qc7 16. Rc1 Bg4 17. Qa4 b5 18. Qa5 Qxa5 19. Bxa5 bxc4 20. Bg2 cxd3 21. h3 Bf3 22.
Bxf3 Nxf3+ 23. Kf1 Ne4 24. h4 Nfd2+ 25. Bxd2 Rxf2+ 26. Ke1 Re2+ 27. Kf1 Nxd2+ 28. Kg1 Nf3+ 29. Kf1 Rf8 30. Rc7 Nh2+ 31. Kg1 Rf1# 0-1

[Event "Live Chess"]
[Site "Chess.com"]
[Date "2023.05.20"]
[Round "-"]
[White "viktorskliarov"]
[Black "MrDodgy"]
[Result "1-0"]
[WhiteElo "2650"]
[BlackElo "2320"]
[TimeControl "300"]
[EndTime "10:34:28 PDT"]
[Termination "viktorskliarov won by resignation"]

1. e4 e6 2. d4 d5 3. e5 c5 4. c3 Nc6 5. Nf3 Bd7 6. a3 Qb6 7. b4 cxd4 8. cxd4 Rc8 9. Bb2 Nh6 10. Nc3 Nf5 11. Na4 Qd8 12. Rc1 Be7 13. Nc5 b6 14.
Nxd7 Qxd7 15. Bb5 Qb7 16. Qa4 Kd7 17. Ba6 Qb8 18. Bxc8+ Rxc8 19. O-O Qb7 20. h3 b5 21. Qd1 Qb6 22. Qd3 g6 23. Rc2 h5 24. Rfc1 a6 25. Bc3 Na7 26. Bd2 Rc4 27. Be3 Nc6 28. g4 hxg4 29. hxg4 Nh4 30. Nxh4 Bxh4 31. Kg2 Be7 32.
Rxc4 bxc4 33. Qd2 Na7 34. Qe2 Nb5 35. Qf3 Ke8 36. Rh1 Nxa3 37. Rh8+ Kd7 38. Qxf7 Qxb4 39.
Qe8+ Kc7 40. Rh7 1-0

[Event "Live Chess"]
[Site "Chess.com"]
[Date "2023.05.20"]
[Round "-"]
[White "KeithArkell"]
[Black "LaupMiths"]
[Result "1-0"]
[WhiteElo "2611"]
[BlackElo "1821"]
[TimeControl "300"]
[EndTime "10:34:30 PDT"]
[Termination "KeithArkell won by resignation"]

1. d4 d5 2. c4 e6 3. cxd5 exd5 4. Nf3 c5 5. Nc3 Nf6 6. Bg5 Nc6 7. g3 cxd4 8. Nxd4 Bc5 9. Nxc6 bxc6 10. e3 O-O 11. Bg2 Re8 12. O-O Be6 13. Rc1 Bb6 14.
Na4 Rc8 15. Nc5 Qd6 16. Bxf6 gxf6 17. b4 Bxc5 18. Rxc5 Rb8 19. a3 Bd7 20. Qd4 Re5 21. Rfc1 Rbe8 22. h4 Re4 23. Bxe4 Rxe4 24. Qd3 Rg4 25. Kg2 Qe5 26. Rxc6 Bxc6 27. Rxc6 Kg7 28. Rc5 Qh5 29. Rxd5 Qxh4 30. Rd4 Qg5 31. Rxg4 Qxg4 32. b5 Qa4 33. f3 h5 34. Kh3 Qa5 35. g4 hxg4+ 36.
Kxg4 Qe1 37. f4 Qg1+ 38. Kf3 Qh1+ 39. Kf2 Qh2+ 40. Kf3 Qh1+ 41. Ke2 Qg2+ 42. Ke1 Qg1+ 43. Kd2 Qg2+ 44. Kc3 Qa2 45. Kb4 Qb2+ 46. Ka5 Qc1 47. Ka6 Qc7 48. Qd4 Qc8+ 49. Kxa7 Qc7+ 50. Ka6 Qc8+ 51. Ka5 Qc7+ 52. b6 Qc1 53. a4 Qe1+ 54. Ka6 Qe2+ 55. Ka7 Qg2 56. b7 Qc6 57. b8=Q 1-0

[Event "Live Chess"]
[Site "Chess.com"]
[Date "2023.05.20"]
[Round "-"]
[White "BillW-GrangerIN"]
[Black "chessleanstrategist"]
[Result "1/2-1/2"]
[WhiteElo "265"]
[BlackElo "405"]
[TimeControl "300"]
[EndTime "10:34:31 PDT"]
[Termination "Game drawn by repetition"]

1. d4 Nf6 2. Bf4 d6 3. Nf3 g6 4.
e3 Nc6 5. Bd3 Bg7 6. O-O O-O 7. c3 Bg4 8. Nbd2 Re8 9. Qe2 e5 10. dxe5 dxe5 11. Bxg6 fxg6 12. h3 Bc8 13. Ng5 exf4 14. Nde4 Nxe4 15. Qc4+ Be6 16. Nxe6 Rxe6 17. Qxe6+ Kh8 18. Qxe4 Qe7 19. Qxf4 Rf8 20. Qc4 Ne5 21. Qb5 b6 22. Qa6 Nc6 23. Qc4 Ne5 24. Qd5 Rd8 25. Qb7 Rd2 26. Qxa7 Rxb2 27. Qa8+ Qf8 28. Qa7 Qe7 29. Qa8+ Qf8 30. Qa7 Qe7 1/2-1/2

[Event "Live Chess"]
[Site "Chess.com"]
[Date "2023.05.20"]
[Round "-"]
[White "HD_IN4k"]
[Black "1600x"]
[Result "0-1"]
[WhiteElo "325"]
[BlackElo "1480"]
[TimeControl "300"]
[EndTime "10:34:33 PDT"]
[Termination "1600x won on time"]

1. d4 d5 2. c4 e6 3. Nc3 Nc6 4. Nf3 Bb4 5. a3 Bxc3+ 6. bxc3 h6 7. a4 Nf6 8. cxd5 exd5 9. Ba3 Ne4 10. e3 Be6 11. Ne5 Nxe5 12. Bb5+ Nd7 13. f3 Nxc3 14. Bxd7+ Qxd7 15. Qb3 Nxa4 16. Qxb7 Rc8 17. O-O a5 18. Rfb1 Nb6 19. Qa7 Nc4 20. Rb8 f6 21. Rxc8+ Qxc8 22. Bc5 Bf5 23. Rb1 Bxb1 0-1

[Event "Live Chess"]
[Site "Chess.com"]
[Date "2023.05.20"]
[Round "-"]
[White "mliszewski"]
[Black "garyjc"]
[Result "1-0"]
[WhiteElo "1897"]
[BlackElo "1025"]
[TimeControl "300"]
[EndTime "10:34:36 PDT"]
[Termination "mliszewski won by checkmate"]

1. d4 Nf6 2. Bg5 h6 3. Bxf6 gxf6 4. e3 d6 5. g3 Bf5 6. Bg2 c6 7. Ne2 e6 8. O-O d5 9. Nf4 Nd7 10. Nd2 Qb6 11. b3 O-O-O 12. c4 e5 13. dxe5 fxe5 14.
Ne2 e4 15. Nd4 Bh7 16. cxd5 cxd5 17. Rc1+ Kb8 18. Qh5 Nf6 19. Qe5+ Rd6 20. Bh3 Bg7 21. Rc3 Rg8 22. Rfc1 Ng4 23. Bxg4 Bxe5 24. Rc8+ Rxc8 25. Rxc8# 1-0

[Event "Live Chess"]
[Site "Chess.com"]
[Date "2023.05.20"]
[Round "-"]
[White "martynstanley"]
[Black "Delacorta"]
[Result "0-1"]
[WhiteElo "986"]
[BlackElo "1393"]
[TimeControl "300"]
[EndTime "10:34:58 PDT"]
[Termination "Delacorta won by checkmate"]

1. d4 e6 2. e3 f5 3. Bd3 Nf6 4.
f4 d5 5. Nf3 Be7 6. O-O O-O 7. Ne5 Nbd7 8. c3 Nxe5 9. fxe5 Ne4 10.
Nd2 Bd7 11. Rf3 Be8 12. Bc2 Bh5 13. Nxe4 fxe4 14. Bxe4 Bxf3 15. gxf3 dxe4 16. fxe4 Bh4 17. Qg4 Qg5 18. h3 Qxg4+ 19. hxg4 Rf3 20. Bd2 Raf8 21.
Re1 Bxe1 22. Bxe1 Rf1+ 23. Kg2 Rxe1 24. d5 exd5 25. exd5 Rxe3 26. e6 Rd8 27. c4 b5 28. b3 bxc4 29. bxc4 Kf8 30. Kf2 Re5 31. Kf3 Ke7 32. Kf4 Re1 33. a4 Rf8+ 34. Kg5 Rc1 35. Kh5 Kf6 36. g5+ Ke7 37. g6 hxg6+ 38. Kxg6 Rxc4 39.
Kxg7 Rd4 40. d6+ cxd6 41. a5 Rg4+ 42. Kh7 Rf1 43. a6 Rh1# 0-1

[Event "Live Chess"]
[Site "Chess.com"]
[Date "2023.05.20"]
[Round "-"]
[White "birdseed45"]
[Black "smoggyrabbit"]
[Result "1-0"]
[WhiteElo "1841"]
[BlackElo "1612"]
[TimeControl "300"]
[EndTime "10:34:58 PDT"]
[Termination "birdseed45 won by checkmate"]

1. e4 e6 2. d4 d5 3. Nc3 Nf6 4. e5 Nfd7 5. f4 c5 6. Nf3 Nc6 7. Be2 b6 8. O-O Bb7 9. Be3 cxd4 10. Nxd4 Bc5 11. Nxc6 Bxe3+ 12. Kh1 Bxc6 13. Qd3 Bc5 14. Qg3 O-O 15. f5 Qc7 16. f6 Qxe5 17. Qxg7# 1-0

[Event "Live Chess"]
[Site "Chess.com"]
[Date "2023.05.20"]
[Round "-"]
[White "NatashaRegan"]
[Black "Singapourfeuj"]
[Result "0-1"]
[WhiteElo "1883"]
[BlackElo "2251"]
[TimeControl "300"]
[EndTime "10:34:59 PDT"]
[Termination "Singapourfeuj won by resignation"]

1. Nf3 Nf6 2. c4 g6 3. b4 Bg7 4. Bb2 a5 5. b5 O-O 6. g3 d5 7. cxd5 Qxd5 8. Nc3 Qh5 9. Bg2 a4 10. Rc1 a3 11. Ba1 c6 12. b6 Bh3 13. Bxh3 Qxh3 14. Qb3 Nbd7 15. e3 Qg2 16. Rg1 Qxf3 17. Ne2 Ne4 18.
Rf1 Ndc5 19. Qc4 Rfd8 20. Nd4 Qh5 21. f3 Ra4 22. Qe2 Nd6 23. g4 Qh4+ 24. Kd1 Bxd4 25.
Bxd4 Ne6 26. Be5 Nb5 27. Bg3 Qh6 28. f4 Qg7 29. f5 Ng5 30. h4 Ne4 31. Bf4 Qb2 32.
Rc2 0-1

[Event "Live Chess"]
[Site "Chess.com"]
[Date "2023.05.20"]
[Round "-"]
[White "booktrunk"]
[Black "HoarseyHorsey"]
[Result "0-1"]
[WhiteElo "1358"]
[BlackElo "1399"]
[TimeControl "300"]
[EndTime "10:35:05 PDT"]
[Termination "HoarseyHorsey won by checkmate"]

1. d4 Nf6 2. Nf3 d5 3. Bf4 c5 4. e3 Nc6 5. dxc5 Bg4 6. h3 Bh5 7. g4 Bg6 8. Nh4 e6 9. Nxg6 hxg6 10. Be2 Bxc5 11. O-O Rxh3 12. Kg2 Rh7 13. Nc3 Ke7 14. Bd3 Bd6 15. Bg5 Qh8 16. Rh1 Rh2+ 17. Rxh2 Qxh2+ 18. Kf3 Qh3+ 19. Ke2 Qxg4+ 20. f3 Qxg5 21. Qh1 Nb4 22.
Nb5 Nxd3 23. Kxd3 Qf5+ 24. Kd2 Bb4+ 25. c3 Ba5 26. b4 Bb6 27. a4 a6 28. Na3 Rc8 29.
b5 a5 30. Rc1 Nd7 31. Nc2 Ne5 32. f4 Nc4+ 33. Ke2 Qg4+ 34. Kd3 Nb2+ 35. Kd2 Nxa4 36.
Rg1 Qf5 37. Nd4 Qe4 38. Rc1 Qxh1 39. Rxh1 Rxc3 40. Rc1 Rxc1 41. Kxc1 Bxd4 42. exd4 f6 43. Kc2 b6 44. Kb3 g5 45. fxg5 fxg5 46. Kxa4 g4 47. Kb3 g3 48. Kc2 g2 49. Kd3 g1=Q 50. Ke2 Qg3 51. Kf1 Qf4+ 52. Ke2 Qe4+ 53. Kd2 g5 54. Kc3 g4 55. Kb3 g3 56. Ka4 g2 57. Ka3 g1=Q 58. Kb3 Qg3+ 59. Ka4 Qxd4# 0-1

[Event "Live Chess"]
[Site "Chess.com"]
[Date "2023.05.20"]
[Round "-"]
[White "domrobson"]
[Black "LL220284LL"]
[Result "0-1"]
[WhiteElo "1742"]
[BlackElo "2406"]
[TimeControl "300"]
[EndTime "10:35:05 PDT"]
[Termination "LL220284LL won by resignation"]

1. d4 f5 2. c4 Nf6 3. g3 e6 4. Bg2 Be7 5. Nf3 O-O 6. O-O d6 7.
b3 Nbd7 8. Bb2 Rb8 9. Nbd2 b6 10.
e3 Bb7 11. Ne1 Bxg2 12. Nxg2 Qe8 13. f3 Rf7 14. e4 Bf8 15. Qc2 g6 16. f4 Bg7 17. e5 Ng4 18. Qd3 dxe5 19. dxe5 Rd8 20. Qf3 Nc5 21. Bc3 Rd3 0-1